 Dungeon Crawl Stone Soup version 0.27-a0-1184-ge86db4a01e (webtiles) character file.

Game seed: 14539035661638581409

60 freelancePsychic the Skirmisher (level 3, -2/30 HPs)
             Began as a Demonspawn Abyssal Knight on May 18, 2021.
             Was a Follower of Lugonu.
             Killed from afar by an orc wizard (10 damage)
             ... with a magic dart
             ... on level 3 of the Dungeon.
             The game lasted 00:02:39 (2897 turns).

freelancePsychic the Skirmisher (DsAK)              Turns: 2897, Time: 00:02:40

Health: -2/30      AC:  5    Str: 13    XL:     3   Next: 82%
Magic:  5/5        EV: 11    Int: 13    God:    Lugonu [*.....]
Gold:   179        SH:  0    Dex: 12    Spells: 2/2 levels left

rFire    . . .     SeeInvis .   h - +1 dagger (drain)
rCold    . . .     Faith    .   (no shield)
rNeg     . . .     Spirit   .   b - +0 leather armour
rPois    .         Reflect  .   (no helmet)
rElec    .         Harm     .   (no cloak)
rCorr    .         Rampage  .   (no gloves)
Will     .....                  (no boots)
Stlth    +.........             (no amulet)
HPRegen  0.10/turn              (no ring)
MPRegen  0.09/turn              (no ring)

@: confused
A: molten scales 1
a: Renounce Religion, Depart the Abyss


You were on level 3 of the Dungeon.
You worshipped Lugonu.
Lugonu was aware of your devotion.
You visited 1 branch of the dungeon, and saw 3 of its levels.
You visited the Abyss 1 time.

You collected 179 gold pieces.

Inventory:

Hand Weapons
 a - a +1 short sword
 h - a +1 dagger of draining (weapon)
Armour
 b - a +0 leather armour (worn)
 d - a +0 cloak
 j - a +0 plate armour
 k - a +0 chain mail
Scrolls
 c - a scroll of fog {unknown}
 e - a scroll of identify {unknown}
Potions
 f - 2 potions of curing {unknown}
 g - a potion of flight {unknown}
 i - 2 potions of resistance {unknown}


   Skills:
 + Level 3.8 Fighting
 + Level 2.8 Short Blades
 - Level 1.7 Armour
 - Level 0.8 Dodging
 - Level 3.1 Invocations


You had 2 spell levels left.
You didn't know any spells.
Your spell library was empty.

Dungeon Overview and Level Annotations

Branches:
Dungeon (3/15)

Altars:

Annotations:
D:2 1 runed translucent door, Crazy Yiuf


Innate Abilities, Weirdness & Mutations

You are partially covered in molten scales. (AC +2)


Message History

Deactivating autopickup; reactivate with Ctrl-A.
Things that are here:
a +0 dagger; a goblin corpse The orc barely misses you.
You closely miss the orc. You barely miss the orc.
The orc hits you with a +0 short sword.
You hit the orc but do no damage. You drain the orc.
The orc is heavily wounded.
The orc barely misses you.
You closely miss the orc.
The orc is heavily wounded.
The orc hits you with a +0 short sword.
You hit the orc but do no damage. You drain the orc.
The orc is almost dead.
The orc hits you but does no damage.
You closely miss the orc.
The orc is almost dead.
The orc barely misses you.
You hit the orc.
You kill the orc!
Lugonu accepts your kill.
A magic dart appears from out of thin air!
The magic dart hits you.
You hear some strange, mumbled words.
You are confused.
Things that are here:
a +0 short sword; a +0 leather armour You completely miss something.
Something hits you but does no damage.
You completely miss something. Something hits you.
You miss something.
You're too confused to move!
You hear some strange, mumbled words.
A magic dart appears from out of thin air!
The magic dart hits you.
* * * LOW HITPOINT WARNING * * *
You barely miss something.
You hear some strange, mumbled words.
A magic dart appears from out of thin air!
The magic dart hits you!
You die...

#.#
#.........#.....#
##.##
#.#########o###.#
##...####.####
#.# #.#
.............#
#.# #.#
##...####.##.#
#.# #.#
##.......##.# #.#
#.# ##########.##
#.# #..
#...#####)# ###
#.....@{oo#
#...####### #####


You could see 2 orcs.

Vanquished Creatures
  An adder (D:3)
  A worm (D:2)
  A dart slug (D:1)
  4 orcs
  4 endoplasms
  A giant cockroach (D:1)
  5 goblins
  5 hobgoblins
  4 jackals (D:3)
  2 quokkas (D:1)
  2 ball pythons
  A bat (D:1)
  3 frilled lizards
  4 rats
38 creatures vanquished.

Notes
Turn   | Place    | Note
-------+----------+-------------------------------------------
     0 | Abyss:1  | freelancePsychic the Demonspawn Abyssal Knight began the
                  | quest for the Orb.
     0 | Abyss:1  | Reached XP level 1. HP: 18/18 MP: 2/2
   123 | Abyss:1  | Noticed a raiju
   124 | D:1      | Escaped the Abyss
   182 | D:1      | You fall into a shaft and drop 1 floor!
   255 | D:1      | Reached * piety under Lugonu
   680 | D:1      | Gained mutation: You are partially covered in molten
                  | scales. (AC +2) [demonic ancestry]
   680 | D:1      | Reached XP level 2. HP: 14/24 MP: 4/4
  1906 | D:2      | Reached XP level 3. HP: 29/29 MP: 5/5
  2094 | D:2      | Found a runed translucent door.
  2095 | D:2      | Noticed Crazy Yiuf
  2285 | D:2      | Found a faded altar of an unknown god.
  2897 | D:3      | Killed from afar by an orc wizard

Illustrated notes

Levels and vault maps discovered:
D:1:      dpeg_arrival_round_a, layout_loops_ring, feat_on_display
D:2:      layout_basic, shapermc_ecumenical_altar_mp_highgroup,
          nicolae_underground_beach, uniq_crazy_yiuf_cottage
D:3:      layout_loops_ring, riverfiend_overflow_shadow_ancestor, st_stairs_8,
          corexii_shack, uniq_purgy

Skill      XL: |  1  2 |
---------------+-------+-----
Short Blades   | 2 |  2.8
Invocations    | 3 |  3.1
Fighting       | |  3.8
Armour         | |  1.7
Dodging        | |  0.8

Action                   || total
-------------------------++-------
Melee: Short sword       ||    39
       Dagger            ||    78
Invok: Depart the Abyss  ||     1
 Stab: Sleeping          ||     1
Armor: Leather armour    ||    27
Dodge: Dodged            ||    45

Table legend: (Time is in decaauts)
 A = Elapsed time spent in this place.
 B = Non-inter-level travel time spent in this place.
 C = Inter-level travel time spent in this place.
 D = Time resting spent in this place.
 E = Time spent auto-exploring this place.
 F = Levels seen in this place.
 G = Mean time per level.
                   A        B        C        D        E       F      G
               +--------+--------+--------+--------+--------+-----+--------+
         Total |   2888 |   2820 |     68 |      0 |   2569 |   4 |  722.0 |
       Dungeon |   2763 |   2695 |     68 |      0 |   2445 |   3 |  921.0 |
         Abyss |    124 |    124 |      0 |      0 |    123 |   1 |  124.0 |
               +--------+--------+--------+--------+--------+-----+--------+

Top non-repeatable levels by time:
     D:2: 1227 daAuts
     D:1: 1201 daAuts
     D:3: 335 daAuts
 Abyss:1: 124 daAuts
